 Dungeon Crawl Stone Soup version 0.23.2-1-ga50397a (webtiles) character file.

Game seed: 16505164929376517313

16816 XPEneeg3 the Cleaver (level 12, -10/106 HPs)
             Began as a Minotaur Berserker on Apr 24, 2019.
             Was a High Priest of Trog.
             Killed by divine providence
             ... invoked by an orc high priest
              (14 damage)
             ... on level 1 of the Orcish Mines on Apr 25, 2019.
             The game lasted 01:31:21 (12416 turns).

XPEneeg3 the Cleaver (Minotaur Berserker)          Turns: 12416, Time: 01:31:27

Health: -10/106    AC: 24    Str: 25    XL:     12   Next: 13%
Magic:  0/3        EV: 13    Int:  7    God:    Trog [*****.]
Gold:   811        SH: 13    Dex: 12    Spells: 11/11 levels left

rFire    . . .     SeeInvis .   S - +2 broad axe (antimagic)
rCold    . . .     Gourm    .   w - +1 shield
rNeg     . . .     Faith    .   V - +7 plate armour {ponderous}
rPois    .         Spirit   +   b - +2 hat
rElec    .         Reflect  .   h - +0 cloak
rCorr    .         Harm     .   (no gloves)
MR       .....                  (no boots)
Stlth    ..........             D - amulet of guardian spirit
HPRegen  0.27/turn              s - +3 ring of evasion
MPRegen  0.08/turn              y - +3 ring of intelligence

@: slow
A: retaliatory headbutt, horns 2
a: Berserk, Trog's Hand, Brothers in Arms, Renounce Religion


You were on level 1 of the Orcish Mines.
You worshipped Trog.
Trog was extremely pleased with you.
You were very hungry.

You visited 2 branches of the dungeon, and saw 12 of its levels.
You also visited: Ossuary.

You collected 889 gold pieces.
You spent 78 gold pieces at shops.

Inventory:

Hand Weapons
 m - a +0 mace of holy wrath
 K - a +6 short sword of flaming
 O - a +2 flail of crushing
 S - a +2 antimagic broad axe (weapon)
 T - a +0 short sword
Missiles
 u - 6 curare-tipped needles
 L - 10 needles of confusion
Armour
 b - a +2 hat (worn)
 h - a +0 cloak (worn)
 t - a +2 ring mail of cold resistance
 w - a +1 shield (worn)
 U - a +1 chain mail of fire resistance
 V - a +7 plate armour of ponderousness (worn)
Jewellery
 s - a +3 ring of evasion (left hand)
 y - a +3 ring of intelligence (right hand)
 A - an uncursed ring of see invisible
 C - an uncursed ring of poison resistance
 D - an amulet of guardian spirit (around neck)
 E - an uncursed ring of fire
 F - an uncursed ring of poison resistance
 G - an uncursed ring of flight
 H - an uncursed ring of positive energy
Wands
 J - a wand of iceblast (17)
Scrolls
 a - a scroll of blinking
 e - a scroll of teleportation
 f - 2 scrolls of immolation
 i - 3 scrolls of remove curse
 n - 11 scrolls of identify
 o - 4 scrolls of magic mapping
 r - a scroll of fear {unknown}
 v - 3 scrolls of enchant armour
 x - a scroll of torment {unknown}
 B - a scroll of amnesia {unknown}
 M - a scroll of fog
 N - a scroll of acquirement {unknown}
Potions
 d - a potion of mutation {unknown}
 g - 8 potions of lignification
 j - a potion of magic {unknown}
 k - a potion of flight
 p - 5 potions of agility
 q - 2 potions of resistance
 z - 4 potions of curing
 I - a potion of berserk rage {unknown}
 Q - a potion of invisibility
 R - a potion of brilliance {unknown}
Comestibles
 c - 8 rations


   Skills:
 + Level 9.8 Fighting
 + Level 7.7 Short Blades
 + Level 11.1(11.5) Axes
 + Level 4.9(8.7) Maces & Flails
 + Level 9.1 Armour
 + Level 8.2 Dodging
 + Level 3.1 Stealth
 + Level 10.5 Shields


You had 11 spell levels left.
You didn't know any spells.
Your spell library contained the following spells:

 Spells                   Type           Power        Failure   Level  Hunger
 Beastly Appendage        Tmut           #.....       100%        1    ##.....
 Sticks to Snakes         Tmut           #.......     100%        2    ###....
 Spider Form              Tmut/Pois      #.........   100%        3    ####...
 Ice Form                 Ice/Tmut       #.......     100%        4    #####..
 Blade Hands              Tmut           #.........   100%        5    ######.


Dungeon Overview and Level Annotations

Branches:
Dungeon (10/15)            Temple (0/1) D:7             Orc (2/2) D:10
   Lair: D:8-11         Elf: Orc:2

Altars:
Fedhas

Shops:
D:5 *   D:10 [   Orc:2 !?!


Innate Abilities, Weirdness & Mutations

You reflexively headbutt those who attack you in melee.
You have a pair of horns on your head.


Message History

The sixfirhy shocks you!
* * * LOW HITPOINT WARNING * * *
The sixfirhy hits you but does no damage.
You block the sixfirhy's attack.
Your skin stops crawling.
You feel less resistant to hostile enchantments.
The chaos spawn degenerates into a cloud of primal chaos!
The sixfirhy barely misses you.
The orc high priest starts to sing a prayer.
The orc high priest prays to Beogh.
Really walk into that dispersal trap? [Y]es or [N]o only, please.
Really walk into that dispersal trap?
You enter a dispersal trap!
The sixfirhy blinks!
The orc high priest blinks!
The chaos spawn blinks!
The sixfirhy blinks!
The orc high priest blinks! x2
The hellwing blinks!
The red devil blinks!
You blink.
The chaos spawn degenerates into a cloud of primal chaos!
The orc high priest invokes the aid of Beogh against you.
Beogh smites you!
You die...

.....#.#..........#..###.^...#
......#.#.............#.....#####
#....#......#.#.#.........####.#.
##............#(.[[........#.....
..............).<.§..............
...#.....#....).[[o..............
..............#............3..#..
..............)......§.§.........
...........)[[..@...4#.§§........
...........[>.......#....§.......
.....>.....))....§........§).#..#
......#............§......§[##...
..............#...#..............
.##..##...#..###.###...#..#.##.#.
############## ### ##############


You could see an orc high priest and a red devil.

Vanquished Creatures
  Snorg (D:10)
  Harold (D:8)
  Erica (D:8)
  2 orc high priests
  2 orc knights
  A cyclops (Orc:2)
  Maurice (D:8)
  A gargoyle (D:10)
  A hellwing (Orc:2)
  2 trolls
  A queen bee (D:10)
  A hippogriff (D:10)
  A vampire (D:10)
  A shadow (D:10)
  A wyvern (D:10)
  5 yaks (D:9)
  A chaos spawn (Orc:1)
  A warg (Orc:2)
  14 orc warriors
  A black bear (D:10)
  An ice beast (D:5)
  2 sky beasts
  10 ogres
  A centaur (D:6)
  9 bullfrogs
  2 water moccasin zombies (Ossuary)
  2 scorpions (D:9)
  27 killer bees
  4 wights (D:9)
  An electric eel (D:10)
  4 crimson imps
  A bullfrog zombie (Ossuary)
  3 centaur zombies
  4 hounds
  13 orc priests
  3 jellies
  A quasit (D:6)
  12 orc wizards
  5 iguanas
  7 worker ants
  3 killer bee zombies
  2 hound zombies (Ossuary)
  14 mummies (Ossuary)
  5 worker ant zombies
  3 gnolls
  3 howler monkey skeletons
  8 adders
  A shadow imp (D:9)
  2 oozes
  2 adder skeletons
  3 adder zombies (Ossuary)
  3 worms
  6 leopard geckos
  44 orcs
  2 ball pythons
  6 bats
  7 giant cockroaches
  9 goblins
  6 hobgoblins
  22 jackals
  8 kobolds
  A quokka (D:3)
  4 frilled lizards
  A giant cockroach zombie (Ossuary)
  A jackal zombie (Ossuary)
  A quokka zombie (D:5)
  10 rats
329 creatures vanquished.

Vanquished Creatures (collateral kills)
  Gastronok (Orc:1)
  An orc high priest (Orc:2)
  The ghost of dscm the Digger, a novice OpEE (D:6)
  A smoke demon (Orc:2)
  A red devil (Orc:2)
  A warg (Orc:1)
  9 orc warriors
  2 ogres (D:10)
  4 big kobolds (D:10)
  4 orc priests
  2 gnolls (D:10)
  11 orcs
38 creatures vanquished.

Vanquished Creatures (others)
  A killer bee (D:10)
  2 withered plants (Ossuary)
3 creatures vanquished.

Grand Total: 370 creatures vanquished

Notes
Turn   | Place    | Note
-------+----------+-------------------------------------------
     0 | D:1      | XPEneeg3 the Minotaur Berserker began the quest for the
                  | Orb.
     0 | D:1      | Reached XP level 1. HP: 19/19 MP: 0/0
   223 | D:1      | Reached XP level 2. HP: 7/27 MP: 1/1
   251 | D:1      | Reached skill level 4 in Axes
  1462 | D:2      | Reached XP level 3. HP: 34/34 MP: 2/2
  1541 | D:2      | Reached ** piety under Trog
  1642 | D:2      | Reached XP level 4. HP: 21/41 MP: 3/3
  2302 | D:3      | Reached skill level 5 in Fighting
  2462 | D:3      | Reached skill level 5 in Axes
  2473 | D:3      | Reached *** piety under Trog
  2473 | D:3      | Reached XP level 5. HP: 29/48 MP: 4/4
  3173 | D:4      | Noticed an ogre
  3184 | D:4      | Killed an ogre
  3184 | D:4      | Reached skill level 1 in Stealth
  3184 | D:4      | Reached XP level 6. HP: 18/56 MP: 5/5
  3207 | D:4      | Reached skill level 6 in Axes
  3640 | D:5      | Entered Level 5 of the Dungeon
  3965 | D:5      | Reached XP level 7. HP: 31/62 MP: 6/6
  3968 | D:5      | Reached skill level 7 in Axes
  4034 | D:5      | Reached skill level 1 in Shields
  4166 | D:5      | Found Ykkiurepu's General Store.
  4171 | D:5      | Bought 2 potions of curing for 78 gold pieces
  4350 | D:6      | Found a blossoming altar of Fedhas.
  4468 | D:6      | Found a blossoming altar of Fedhas.
  4541 | D:6      | Reached skill level 8 in Axes
  4681 | D:6      | Reached XP level 8. HP: 59/71 MP: 7/7
  4765 | D:6      | Found a sand-covered staircase.
  4774 | Ossuary  | Entered an ossuary
  4814 | Ossuary  | Reached skill level 1 in Maces & Flails
  4819 | Ossuary  | Reached **** piety under Trog
  5347 | D:6      | Found a runed translucent door.
  5348 | D:6      | Noticed dscm's ghost (novice OpEE)
  5362 | D:6      | Killed dscm's ghost
  5362 | D:6      | Reached skill level 5 in Dodging
  5625 | D:7      | Found a staircase to the Ecumenical Temple.
  5653 | D:7      | Reached XP level 9. HP: 79/79 MP: 8/8
  5951 | D:7      | Reached skill level 5 in Armour
  6053 | D:7      | Reached skill level 9 in Axes
  6712 | D:8      | Noticed Maurice
  6742 | D:8      | Noticed Harold
  6769 | D:8      | Killed Harold
  6769 | D:8      | Reached skill level 5 in Shields
  7081 | D:8      | Noticed Erica
  7132 | D:8      | Killed Erica
  7132 | D:8      | Reached skill level 10 in Axes
  7539 | D:8      | Killed Maurice
  7539 | D:8      | Received a gift from Trog
  7539 | D:8      | Reached XP level 10. HP: 88/88 MP: 9/9
  7871 | D:9      | Reached skill level 1 in Short Blades
  8385 | D:9      | Reached skill level 5 in Short Blades
  8706 | D:10     | Entered Level 10 of the Dungeon
  8811 | D:10     | Noticed a gargoyle
  8818 | D:10     | Killed a gargoyle
  8919 | D:10     | Reached ***** piety under Trog
  9231 | D:10     | Found a staircase to the Orcish Mines.
  9329 | D:10     | Reached XP level 11. HP: 68/95 MP: 8/10
  9706 | D:10     | Found Byruge Noeh's Antique Armour Emporium.
 10334 | Orc:1    | Entered Level 1 of the Orcish Mines
 10350 | Orc:1    | Noticed Snorg
 10372 | Orc:1    | Noticed Gastronok
 10380 | D:10     | Killed Snorg
 10766 | Orc:1    | Killed Gastronok
 11167 | Orc:2    | Entered Level 2 of the Orcish Mines
 11167 | Orc:2    | Found Neagyis's Distillery.
 11171 | Orc:1    | Received a gift from Trog
 11675 | Orc:2    | Found Ickery's Distillery.
 11683 | Orc:2    | Noticed an orc knight
 11705 | Orc:2    | Killed an orc knight
 11707 | Orc:2    | Found Xeblev's Magic Scroll Boutique.
 11711 | Orc:2    | Noticed an orc high priest
 11711 | Orc:2    | Received a gift from Trog
 11717 | Orc:2    | Killed an orc high priest
 11717 | Orc:2    | Reached skill level 10 in Shields
 12143 | Orc:2    | Noticed an orc high priest
 12147 | Orc:2    | Noticed an orc high priest
 12149 | Orc:2    | Noticed an orc knight
 12151 | Orc:2    | Killed an orc high priest
 12151 | Orc:2    | Reached XP level 12. HP: 100/106 MP: 3/11
 12152 | Orc:2    | Noticed an orc high priest
 12192 | Orc:1    | Killed an orc high priest
 12192 | Orc:1    | Reached skill level 11 in Axes
 12221 | Orc:2    | Noticed an orc high priest
 12401 | Orc:1    | Paralysed by a chaos spawn for 6 turns
 12406 | Orc:1    | HP: 2/106 [chaos spawn[an orc high priest] (15)]
 12411 | Orc:1    | HP: 2/106 [orc high priest/divine providence (17)]
 12416 | Orc:1    | Killed from afar by an orc high priest

Skill      XL: |  1  2  3  4  5  6  7  8  9 10 11 12 |
---------------+-------------------------------------+-----
Axes           | 4 5 6 8 10 11 | 11.1
Fighting       | 4 5 6 7 8 9 |  9.8
Dodging        | 3 4 5 6 7 8 |  8.2
Stealth        | 1 2 3 |  3.1
Armour         | 3 4 6 7 9 |  9.1
Shields        | 1 3 5 7 10 | 10.5
Maces & Flails | 4 |  4.9
Short Blades   | 6 7 |  7.7

Action                   |  1- 3 |  4- 6 |  7- 9 | 10-12 || total
-------------------------+-------+-------+-------+-------++-------
Melee: Hand axe          |    69 |   149 |   245 |       ||   463
       Headbutt          |     3 |    25 |    88 |    90 ||   206
       Mace              |       |       |   107 |       ||   107
       Short sword       |       |       |       |   416 ||   416
       Broad axe         |       |       |       |    84 ||    84
Invok: Berserk           |     1 |     2 |     6 |     4 ||    13
       Trog's Hand       |       |       |     3 |     5 ||     8
       Brothers in Arms  |       |       |     3 |     4 ||     7
  Use: Scroll            |       |     6 |     7 |     2 ||    15
       Potion            |       |     2 |     4 |     2 ||     8
 Stab: Sleeping          |       |       |       |     2 ||     2
  Eat: Chunk             |     3 |     5 |     2 |    17 ||    27
       Ration            |       |     2 |     4 |     2 ||     8
Armor: Animal skin       |    25 |     9 |       |       ||    34
       Ring mail         |       |    40 |    79 |    89 ||   208
       Plate armour      |       |       |       |    29 ||    29
Dodge: Dodged            |    67 |    69 |   135 |   329 ||   600
Block: Shield            |       |    16 |   159 |   356 ||   531
